 Dungeon Crawl Stone Soup version 0.19.4 (console) character file.

1072 Kloppie the Fighter (level 8, -5/78 HPs)
             Began as a Green Draconian Berserker on Feb 5, 2017.
             Was an Elder of Trog.
             Slain by Duvessa
             ... wielding a +2 short sword of protection
              (12 damage)
             ... on level 6 of the Dungeon.
             The game lasted 00:06:07 (4507 turns).

Kloppie the Fighter (Green Draconian Berserker)     Turns: 4507, Time: 00:06:07

Health: -5/78      AC: 11    Str: 20    XL:     8   Next: 7%
Magic:  8/8        EV: 18    Int:  7    God:    Trog [****..]
Gold:   209        SH:  0    Dex: 18    Spells: 0 memorised, 7 levels left

rFire  . . .     SeeInvis .     a - +1 hand axe
rCold  . . .     Gourm    .     (armour unavailable)
rNeg   . . .     Faith    .     (no shield)
rPois  +         Spirit   .     (helmet restricted)
rElec  .         Reflect  .     u - +0 cloak
rCorr  .         Harm     .     k - +2 pair of gloves
MR     .....                    (no boots)
Stlth  +++.......               (no amulet)
                                (no ring)
                                p - +1 ring of protection

@: agile, drained
A: breathe noxious fumes, unfitting armour, poison resistance, cold-blooded, AC
+6
a: Breathe Noxious Fumes, Berserk, Trog's Hand, Brothers in Arms, Burn
Spellbooks, Renounce Religion


You were on level 6 of the Dungeon.
You worshipped Trog.
Trog was greatly pleased with you.
You were not hungry.

You visited 1 branch of the dungeon, and saw 6 of its levels.

You collected 209 gold pieces.

Inventory:

Hand Weapons
 a - a +1 hand axe (weapon)
Armour
 k - a +2 pair of gloves (worn)
 u - a +0 cloak (worn)
Jewellery
 p - a +1 ring of protection (left hand)
Wands
 l - a wand of disintegration (8/24)
Scrolls
 c - a scroll of enchant weapon
 g - a scroll of amnesia
 s - a scroll of teleportation
 t - a scroll of enchant armour {unknown}
Potions
 b - a potion of cancellation
 d - a potion of beneficial mutation
 e - a potion of resistance {unknown}
 f - 2 potions of curing {unknown}
 h - a potion of haste {unknown}
 i - 2 potions of brilliance
 j - a potion of flight {unknown}
 m - a potion of lignification {unknown}
 n - 3 potions of agility
 q - a potion of ambrosia {unknown}
Comestibles
 o - a beef jerky
 r - 3 bread rations
 v - 2 meat rations


   Skills:
 * Level 9.0(8.9) Fighting
 + Level 6.3(6.2) Axes
 - Level 2.6 Dodging


You had 7 spell levels left.
You didn't know any spells.

Dungeon Overview and Level Annotations

Branches:
Dungeon (6/15)             Temple (0/1) D:5

Altars:
Dithmenos
Gozag
Hepliaklqana
Nemelex Xobeh
Sif Muna
Uskayaw

Annotations:
D:6 Duvessa


Innate Abilities, Weirdness & Mutations

You can breathe blasts of noxious fumes.
Your lurid green scales are hard. (AC +6)
You cannot fit into any form of body armour.
Your system is resistant to poisons. (rPois)
You are cold-blooded and may be slowed by cold attacks.


Message History

You closely miss Duvessa.
Duvessa is heavily wounded.
You hit the phantom.
Duvessa hits you with a short sword of protection.
* * * LOW HITPOINT WARNING * * *
The phantom hits you but does no damage.
You start eating one of the 2 beef jerkies.
Duvessa closely misses you. x2; The phantom closely misses you.
That beef jerky was delicious!
You feel agile all of a sudden.
Duvessa hits you with a short sword of protection.
* * * LOW HITPOINT WARNING * * *
The phantom closely misses you.
Duvessa hits you with a short sword of protection!
* * * LOW HITPOINT WARNING * * *
Things that are here:
a dagger; a robe; the elf corpse of Dowan
Okay, then.
Duvessa hits you with a short sword of protection!
You die...

.# ..##### .## ..#
#......# ..###(.
#.....#. #..#... #..
......##....# ......
....#......##......
#...............
#.<.....##....# .
##....@........#.#
#......e#.........
.......##.#..?†......
.<...#.##..W).$......
....#.##.##...........
.##.#. #.............
# .. #.............
......##.......
.......# ..#....


You could see a phantom and Duvessa (berserk).

Vanquished Creatures
  Grinder (D:5)
  A phantom (D:4)
  2 ice beasts (D:5)
  A scorpion (D:4)
  Dowan (D:6)
  3 crimson imps (D:5)
  A centaur zombie (D:5)
  Crazy Yiuf (D:5)
  Ijyb (D:3)
  An orc wizard (D:3)
  A worker ant (D:5)
  2 hound zombies (D:5)
  A hound skeleton (D:5)
  Robin (D:2)
  6 gnolls (D:2)
  4 adders
  A shadow imp (D:3)
  2 oozes
  A worm (D:2)
  3 dart slugs
  2 leopard geckos (D:3)
  13 orcs
  2 ball pythons
  9 bats
  2 giant cockroaches
  8 hobgoblins
  2 jackals (D:3)
  A quokka (D:6)
  5 frilled lizards
  17 goblins
  A jackal skeleton (D:4)
  13 kobolds
  A leopard gecko skeleton (D:5)
  A quokka skeleton (D:5)
  7 rats
119 creatures vanquished.

Notes
Turn   | Place    | Note
-------+----------+-------------------------------------------
     0 | D:1      | Kloppie the Draconian Berserker began the quest for the Orb.
     0 | D:1      | Reached XP level 1. HP: 19/19 MP: 1/1
   195 | D:1      | Reached XP level 2. HP: 25/27 MP: 2/2
   293 | D:1      | Reached skill level 4 in Fighting
   520 | D:1      | Reached XP level 3. HP: 33/33 MP: 3/3
   782 | D:2      | Reached ** piety under Trog
  1026 | D:2      | Found a sparkling altar of Nemelex Xobeh.
  1028 | D:2      | Found a hide-covered altar of Uskayaw.
  1160 | D:2      | Reached XP level 4. HP: 31/41 MP: 4/4
  1167 | D:2      | Noticed Robin
  1174 | D:2      | Killed Robin
  1318 | D:2      | Found a shadowy altar of Dithmenos.
  1342 | D:2      | Reached skill level 5 in Fighting
  1508 | D:2      | Reached XP level 5. HP: 43/48 MP: 5/5
  1739 | D:3      | Noticed Ijyb
  1755 | D:3      | Killed Ijyb
  2295 | D:3      | Reached *** piety under Trog
  2356 | D:3      | Found a faded altar of an unknown god.
  2453 | D:3      | Reached skill level 6 in Fighting
  2620 | D:3      | Found a deep blue altar of Sif Muna.
  3112 | D:4      | Noticed a phantom
  3151 | D:4      | Killed a phantom
  3151 | D:4      | Reached skill level 5 in Axes
  3151 | D:4      | Reached XP level 6. HP: 40/58 MP: 6/6
  3497 | D:4      | Found an opulent altar of Gozag.
  3668 | D:5      | Entered Level 5 of the Dungeon
  3668 | D:5      | Noticed an ice beast
  3671 | D:5      | Found a staircase to the Ecumenical Temple.
  3682 | D:5      | Killed an ice beast
  3682 | D:5      | Reached skill level 7 in Fighting
  3758 | D:5      | Noticed an ice beast
  3780 | D:5      | Killed an ice beast
  3780 | D:5      | Your scales start taking on a lurid green colour.
  3780 | D:5      | Reached XP level 7. HP: 41/66 MP: 7/7
  3780 | D:5      | Gained mutation: Your system is resistant to poisons. (rPois) [Green Draconian growth]
  3834 | D:5      | Reached **** piety under Trog
  3917 | D:5      | Found a hazy altar of Hepliaklqana.
  3932 | D:5      | Noticed Grinder
  3933 | D:5      | Paralysed by Grinder for 5 turns
  3949 | D:5      | Killed Grinder
  3949 | D:5      | Reached skill level 8 in Fighting
  4027 | D:5      | Found a runed door.
  4354 | D:5      | Reached XP level 8. HP: 69/77 MP: 8/8
  4402 | D:5      | Noticed Crazy Yiuf
  4408 | D:5      | Killed Crazy Yiuf
  4473 | D:6      | Noticed Dowan
  4474 | D:6      | Noticed Duvessa
  4494 | D:6      | Killed Dowan
  4494 | D:6      | Reached skill level 9 in Fighting
  4507 | D:6      | Slain by Duvessa

Skill      XL: |  1  2  3  4  5  6  7  8 |
---------------+-------------------------+-----
Fighting       | 4 5 6 7 8 9 |  9.0
Axes           | 4 5 6 |  6.3
Dodging        | |  2.6

Action                   |  1- 3 |  4- 6 |  7- 9 || total
-------------------------+-------+-------+-------++-------
Melee: Hand axe          |   122 |   224 |   101 ||   447
       Tailslap          |    17 |    22 |    15 ||    54
Invok: Berserk           |     1 |     3 |     1 ||     5
       Trog's Hand       |       |       |     2 ||     2
  Use: Scroll            |       |     9 |       ||     9
       Potion            |       |       |     1 ||     1
 Stab: Sleeping          |       |     2 |     2 ||     4
  Eat: Chunk             |     2 |     5 |     2 ||     9
       Bread ration      |       |     1 |       ||     1
       Royal jelly       |       |     1 |       ||     1
       Beef jerky        |       |       |     1 ||     1
Armor: Skin              |    43 |    77 |    42 ||   162
Dodge: Dodged            |    88 |   163 |    68 ||   319
